 Dungeon Crawl Stone Soup version 0.31.0-9-g3a7656b989 (webtiles) character file.

Game seed: 7481400653855121467

131 qw the Shooter (level 4, 0/23 HPs)
             Began as a Spriggan Hunter on Feb 2, 2024.
             Slain by a gnoll
             ... wielding a +0 whip
              (8 damage)
             ... on level 2 of the Dungeon.
             The game lasted 00:00:07 (1152 turns).

qw the Shooter (Spriggan Hunter)                    Turns: 1152, Time: 00:00:07

Health: 0/23       AC:  2    Str:  7    XL:     4   Next: 91%
Magic:  5/5        EV: 20    Int: 10    God:
Gold:   47         SH:  0    Dex: 20    Spells: 3/3 levels left

rFire   . . .        a - +0 shortbow
rCold   . . .        (shield currently unavailable)
rNeg    . . .        c - +0 robe
rPois   .            (helmet restricted)
rElec   .            (no cloak)
rCorr   .            (gloves unavailable)
SInv    +            (boots unavailable)
Will    .....        (no amulet)
Stlth   ++           (no ring)
HPRegen 0.23/turn    (no ring)
MPRegen 0.09/turn

%: no passive effects
@: very quick
A: very small, no large weapons, unfitting armour, see invisible, speed 3
a: no special abilities


You were on level 2 of the Dungeon.
You visited 1 branch of the dungeon, and saw 2 of its levels.

You collected 47 gold pieces.


Innate Abilities, Weirdness & Mutations

You are very small and have problems with some larger weapons.
You are too small for most types of armour.
You have supernaturally acute eyesight. (SInv)
You cover ground extremely quickly. (Speed+++)


   Skills:
 + Level 1.8 Fighting
 - Level 5.1 Ranged Weapons
 - Level 5.1 Dodging
 - Level 1.5 Stealth


You had 3 spell levels left.
You didn't know any spells.
Your spell library was empty.

Inventory:

Hand Weapons
 a - a +0 shortbow (weapon)
Armour
 c - a +0 robe (worn)
 d - a +2 robe of willpower
Jewellery
 g - a ring of ice
Scrolls
 b - a scroll of amnesia {unknown}
 h - a scroll of enchant weapon {unknown}
Potions
 e - a potion of degeneration {unknown}
 f - 2 potions of curing {unknown}
 i - a potion of enlightenment {unknown}

Dungeon Overview and Level Annotations

Branches:
Dungeon (2/15)

Altars:

Shops:
D:1 :

Annotations:
D:2 Natasha


Message History

The gnoll shouts!
The arrow hits the gnoll.
The gnoll is lightly wounded.
The gnoll hits you with a +0 club. The gnoll misses you.
1142 ||| RETREEEEATING.
You shoot an arrow. The arrow closely misses the gnoll.
The gnoll barely misses you. x2
1143 ||| RETREEEEATING.
You shoot an arrow. The arrow hits the gnoll!
The gnoll is almost dead.
The gnoll barely misses you. The gnoll misses you.
The gnoll hits you with a +0 whip.
1144 ||| RETREEEEATING.
You shoot an arrow. The arrow hits the gnoll!
You kill the gnoll!
The gnoll closely misses you. x2
You shoot an arrow. The arrow hits the gnoll.
The gnoll is moderately wounded.
The gnoll closely misses you. x2
You shoot an arrow. The arrow barely misses the gnoll.
Natasha mumbles some strange words.
The gnoll misses you. The gnoll barely misses you.
1147 ||| RETREEEEATING.
The gnoll hits you with a +0 club.
Things that are here:
13 gold pieces; a +0 club
Enter note:
1148 ||| RETREEEEATING.
Enter note:
Enter note:
1149 ||| RETREEEEATING.
You shoot an arrow. The arrow barely misses the gnoll.
Natasha howls an incantation.
You feel troubled.
Natasha mumbles some strange words.
You shoot an arrow. The arrow hits the gnoll.
The gnoll is heavily wounded.
The gnoll hits you with a +0 whip!
Enter note:
Enter note:
1152 ||| RETREEEEATING.
The gnoll attacks as it pursues you! The gnoll hits you with a +0 whip!
You die...

.#.......
......$.
....... .....
5K. #?# ##5##
##.>h######.#
#..5g.g@....#
#....########
#.#.##
######.#.#
#....).#.#
#####.######.#
......# #.#
####### .#


You could see Natasha, 2 gnolls and a cerulean imp (summoned).

Vanquished Creatures
  Jessica (D:2)
  Natasha (D:2)
  2 gnolls
  2 adders (D:2)
  6 ball pythons
  4 endoplasms
  A giant cockroach (D:2)
  2 goblins
  4 hobgoblins
  4 jackals (D:1)
  A kobold (D:1)
  3 quokkas
  5 bats
  2 frilled lizards (D:1)
  5 rats
43 creatures vanquished.

Notes
Turn   | Place    | Note
-------+----------+-------------------------------------------
     0 | D:1      | qw the Spriggan Hunter began the quest for the Orb.
     0 | D:1      | Reached XP level 1. HP: 10/10 MP: 2/2
     0 | D:1      | 0 ||| qw: Version: 0.3-a-155-g5e7d8dd
     0 | D:1      | 0 ||| qw: Game counter: 54
     0 | D:1      | 0 ||| qw: Melee chars always use a shield: true
     0 | D:1      | 0 ||| qw: God list: Okawaru
     0 | D:1      | 0 ||| qw: Allow faded altars: false
     0 | D:1      | 0 ||| qw: Do Orc after clearing Dungeon:15 true
     0 | D:1      | 0 ||| qw: Do second Lair branch before Depths: true
     0 | D:1      | 0 ||| qw: Lair rune preference: random
     0 | D:1      | 0 ||| qw: Goals: Normal
     0 | D:1      | 0 ||| PLANNING D:1-11
    62 | D:1      | Reached skill level 3 in Dodging
   201 | D:1      | Reached XP level 2. HP: 14/14 MP: 3/3
   377 | D:1      | Found Itzyggin's Book Emporium.
   578 | D:1      | Reached XP level 3. HP: 11/18 MP: 4/4
   778 | D:1      | 778 ||| READING scroll labelled XUID SUIKKINOT.
   779 | D:1      | 779 ||| READING scroll labelled OHIWKE ROGUL.
   783 | D:1      | 783 ||| DROPPING scroll of butterflies.
   891 | D:2      | Noticed Jessica
   896 | D:2      | Killed Jessica
   897 | D:2      | Reached XP level 4. HP: 10/22 MP: 5/5
  1040 | D:2      | Noticed Natasha
  1044 | D:2      | Killed Natasha
  1139 | D:2      | Noticed Natasha
  1141 | D:2      | 1141 ||| RETREEEEATING.
  1142 | D:2      | 1142 ||| RETREEEEATING.
  1143 | D:2      | 1143 ||| RETREEEEATING.
  1144 | D:2      | 1144 ||| RETREEEEATING.
  1147 | D:2      | 1147 ||| RETREEEEATING.
  1148 | D:2      | 1148 ||| RETREEEEATING.
  1149 | D:2      | 1149 ||| RETREEEEATING.
  1152 | D:2      | 1152 ||| RETREEEEATING.
  1152 | D:2      | Slain by a gnoll

Levels and vault maps discovered:
D:1:      ldierk_walled_garden_2, layout_loops_cross, serial_shops,
          nicolae_shop_behind_doors
D:2:      layout_loops_ring, uniq_jessica, uniq_natasha

Skill      XL: |  1  2  3  4 |
---------------+-------------+-----
Dodging        | 3 4 5 |  5.1
Ranged Weapons | 5 |  5.1
Fighting       | |  1.8
Stealth        | |  1.5

Action                     |  1- 3 |  4- 6 || total
---------------------------+-------+-------++-------
   Fire: Shortbow          |    91 |    41 ||   132
    Use: Scroll            |     2 |       ||     2
 Armour: Robe              |     9 |     6 ||    15
  Dodge: Dodged            |    32 |    21 ||    53

Table legend:
 A = Non-vault XP
 B = Vault XP
 C = Vault XP percentage of total XP
 D = Non-vault monster count
 E = Vault monster count
 F = Vault count percentage of total count
                 A         B        C        D         E       F
            +---------+---------+-------+---------+---------+-------
      Total |     116 |      72 |  38.3 |      41 |       2 |   4.7
            +---------+---------+-------+---------+---------+-------
        D:1 |      52 |       0 |   0.0 |      24 |       0 |   0.0
        D:2 |      64 |      72 |  52.9 |      17 |       2 |  10.5
            +---------+---------+-------+---------+---------+-------
